 Dungeon Crawl Stone Soup version 0.31.0-11-ge490571c62 (webtiles) character file.

Game seed: 253251517448265876

431 Gadfly the Insei (level 6, 0/47 HPs)
             Began as a Demonspawn Monk on Feb 2, 2024.
             Killed from afar by Natasha (6 damage)
             ... with a magic dart
             ... on level 4 of the Dungeon.
             The game lasted 00:03:41 (3616 turns).

Gadfly the Insei (Demonspawn Monk)                  Turns: 3616, Time: 00:03:41

Health: 0/47       AC:  2    Str: 13    XL:     6   Next: 66%
Magic:  6/6        EV: 13    Int:  6    God:
Gold:   233        SH:  0    Dex: 16    Spells: 5/5 levels left

rFire   . .          .
                       - Unarmed
rCold   . . .        (no shield)
rNeg    . . .        o - +0 robe of Boic {+Blink rPois rCorr Int-4}
rPois   +            (helmet currently unavailable)
rElec   .            (cloak currently unavailable)
rCorr   +            (gloves currently unavailable)
SInv    +            (boots currently unavailable)
Will    .....        (no amulet)
Stlth   +            g - ring of see invisible
HPRegen 0.27/turn    (no ring)
MPRegen 0.10/turn

%: no passive effects
@: beast-form, slowed, very slow
A: beast (slay +1), antennae 1, claws 1, demonic guardian 1
a: Begin Untransformation, Evoke Blink


You were on level 4 of the Dungeon.
You were a hulking beast.
You visited 1 branch of the dungeon, and saw 4 of its levels.

You collected 233 gold pieces.

Inventory:

Hand Weapons
 b - a +2 whip of draining
 f - a +1 flail of protection
 h - a +1 vampiric dagger
 k - a +3 dagger
 n - a +2 short sword of draining
Armour
 a - a +1 robe
 c - an orb of light
 o - the +0 robe of Boic (worn) {+Blink rPois rCorr Int-4}
   (You found it on level 3 of the Dungeon)

   Int-4:     It affects your intelligence (-4).
   rPois:     It protects you from poison +Blink: It lets you blink.
   rCorr:     It protects you from acid and corrosion.
Jewellery
 g - a ring of see invisible (left claw)
Talismans
 e - a beast talisman (active)
 r - a maw talisman
Wands
 i - a wand of iceblast (12)
Scrolls
 d - 2 scrolls of fear
 l - a scroll of identify
 m - a scroll of teleportation
 p - a scroll of revelation
 q - a scroll of blinking {unknown}


   Skills:
 - Level 3.0 Fighting
 + Level 3.6 Dodging
 * Level 4.4 Unarmed Combat
 * Level 3.2 Evocations
 * Level 2.8 Shapeshifting


You had 5 spell levels left.
You didn't know any spells.
Your spell library contained the following spells:

 Spells                   Type           Power      Damage    Failure   Level
 Foxfire                  Conj/Fire      0%         2x1d4     45%         1
 Fugue of the Fallen      Necr           0%         N/A       83%         3
 Ozocubu's Armour         Ice            0%         N/A       83%         3
 Manifold Assault         Tloc           0%         N/A       99%         4
 Plasma Beam              Fire/Air       0%         2x1d10    100%        6
 Starburst                Conj/Fire      0%         6d3       100%        6


Dungeon Overview and Level Annotations

Branches:
Dungeon (4/15)
 Temple: D:4-7

Altars:
Cheibriados
Makhleb
Vehumet
Yredelemnul

Annotations:
D:4 Natasha


Innate Abilities, Weirdness & Mutations

You are a hulking beast.
Your limbs bulge with bestial killing power. (Slay +1)
You have a pair of small antennae on your head.
You have sharp fingernails.
A weak demonic guardian rushes to your aid.


Message History

Natasha, Servant of Life and Death comes into view.
Natasha is nearby!
Natasha hisses angrily.
Natasha casts a spell at you. The magic dart hits you.
* * * LOW HITPOINT WARNING * * *
You start resting.
Natasha is nearby!
You recover from your berserk rage.
Natasha casts a spell at you.
You feel yourself slow down. Natasha casts a spell at you.
The magic dart hits you.
* * * LOW HITPOINT WARNING * * *
Natasha casts a spell at you. You resist with some effort.
You start resting.
Natasha growls.
Natasha is nearby!
You are too injured to fight recklessly!
You scratch Natasha.
Natasha is lightly wounded.
Natasha growls.
Natasha claws you.
* * * LOW HITPOINT WARNING * * *
Natasha completely misses you.
You scratch Natasha.
Natasha is lightly wounded.
Natasha barely misses you.
You scratch Natasha.
Natasha is moderately wounded.
Natasha claws you!
* * * LOW HITPOINT WARNING * * *
A demonic guardian appears!
You scratch Natasha.
Natasha is heavily wounded.
Natasha stares at you and mumbles some strange words.
The magic dart hits you.
You die...
Natasha curls up and begins to purr.

.#................##...)...
.# .#
###.............$.#.......
.. #...............##
.....##........h##
###..#...........#####
#......#....##.....# .#
♣.♣.♣.##.....###...#....
~♣♣♣♣~ ♣♣♣..####........
♣~...hh5##..... ~~P♣♣~...##
#.... P~~P♣~..# ....
~~~~~~~~## ... ~P~P~~~♣. ..
≈~~~~♣~ . ≈~~~~P~ ♣ ~~♣~~~


You could see Natasha (ally target) and a friendly white imp (summoned).

Vanquished Creatures
  Edmund (D:4)
  A bombardier beetle (D:3)
  A hound (D:4)
  An orc priest (D:4)
  3 orc wizards
  Natasha (D:4)
  3 adders
  3 ribbon worms
  2 dart slugs
  7 orcs
  4 ball pythons
  An endoplasm (D:3)
  A giant cockroach (D:1)
  5 goblins
  4 hobgoblins
  2 jackals (D:4)
  7 kobolds
  5 quokkas
  5 bats
  2 frilled lizards (D:1)
  22 rats
81 creatures vanquished.

Vanquished Creatures (collateral kills)
  An orc (D:3)
1 creature vanquished.

Grand Total: 82 creatures vanquished

Notes
Turn   | Place    | Note
-------+----------+-------------------------------------------
     0 | D:1      | Gadfly the Demonspawn Monk began the quest for the Orb.
     0 | D:1      | Reached XP level 1. HP: 18/18 MP: 1/1
   157 | D:1      | Discovered your monstrous ancestry.
   157 | D:1      | Gained mutation: You have sharp fingernails. [demonic
                  | ancestry]
   157 | D:1      | Reached XP level 2. HP: 24/24 MP: 2/2
   211 | D:1      | Reached skill level 3 in Unarmed Combat
   684 | D:2      | Reached skill level 1 in Evocations
   780 | D:2      | Reached skill level 1 in Shapeshifting
   780 | D:2      | Reached XP level 3. HP: 25/29 MP: 3/3
  1703 | D:3      | Reached XP level 4. HP: 35/35 MP: 4/4
  1873 | D:3      | Found a snail-covered altar of Cheibriados.
  1876 | D:3      | Found a basalt altar of Yredelemnul.
  1888 | D:3      | Found a burning altar of Makhleb.
  1891 | D:3      | Found a radiant altar of Vehumet.
  2190 | D:3      | Gained mutation: A weak demonic guardian rushes to your
                  | aid. [demonic ancestry]
  2190 | D:3      | Reached XP level 5. HP: 36/41 MP: 5/5
  2362 | D:3      | Identified the +0 robe of Boic {+Blink rPois rCorr Int-4}
  3027 | D:4      | Reached skill level 4 in Unarmed Combat
  3170 | D:4      | Noticed Edmund
  3211 | D:4      | Killed Edmund
  3212 | D:4      | Gained mutation: You have a pair of small antennae on your
                  | head. [demonic ancestry]
  3212 | D:4      | Reached XP level 6. HP: 38/47 MP: 6/6
  3546 | D:4      | Noticed Natasha
  3561 | D:4      | Killed Natasha
  3596 | D:4      | Noticed Natasha
  3616 | D:4      | Killed from afar by Natasha

Illustrated notes

Levels and vault maps discovered:
D:1:      ncdulo_smallfort, layout_basic, nrook_mini_vaults,
          grunt_decor_fettered, chequers_serial_rivers_large_a
D:2:      layout_loops_corners, minmay_rat_hole
D:3:      layout_basic, minmay_overflow_temple_star_hex, grunt_ministairs_1
D:4:      layout_cave_pools, minmay_strange_pillars, st_stairs_5,
          roderic_serpentine_path, serial_bayou_lake_a, uniq_edmund,
          uniq_natasha

Skill      XL: |  1  2  3  4  5 |
---------------+----------------+-----
Unarmed Combat | 3 4 |  4.4
Evocations     | 1 2 3 |  3.2
Shapeshifting  | 1 2 |  2.8
Dodging        | 3 |  3.6
Fighting       | |  3.0

Action                     |  1- 3 |  4- 6 || total
---------------------------+-------+-------++-------
  Melee: Unarmed           |    97 |   162 ||   259
         Punch             |       |     5 ||     5
    Use: Scroll            |     3 |     3 ||     6
         Potion            |     1 |     3 ||     4
   Stab: Sleeping          |       |     2 ||     2
 Armour: Robe              |    42 |    86 ||   128
  Dodge: Dodged            |    52 |    93 ||   145
   Form: Beast             |     1 |       ||     1
